SL
RICHARDSON CITY THUNDERCATS @ NEW AMSTERDAM REPUBLICS
09/02/2020
 
TOP OF THE 1ST
Richardson City Thundercats batting - Pitching for New Amsterdam Republics : RHP Pedro Castro
Pitching: RHP Pedro Castro
Batting: SHB Leonard O'Connor 0-0: Ball
1-0: Fly out, F8 (Flyball, 8LD)
Batting: SHB Eugene Parrish 0-0: Called Strike
0-1: Ball
1-1: Swinging Strike
1-2: Ball
2-2: Foul Ball, location: 2F
2-2: Ball
3-2: Foul Ball, location: 2F
3-2: Foul Ball, location: 2F
3-2: Foul Ball, location: 2F
3-2: Foul Ball, location: 2F
3-2: Base on Balls
Batting: RHB Ray Porch 0-0: Grounds into double play, 6-4-3 (Groundball, 56)
Top of the 1st over - 0 run(s), 0 hit(s), 0 error(s), 0 left on base; Richardson City 0 - New Amsterdam 0
BOTTOM OF THE 1ST
New Amsterdam Republics batting - Pitching for Richardson City Thundercats : RHP Josef van der Poel
Pitching: RHP Josef van der Poel
Batting: RHB Doug Reed 0-0: Ball
1-0: Called Strike
1-1: DOUBLE (Flyball, 89D)
Batting: RHB Takeru Sanu 0-0: Called Strike
0-1: Ball
1-1: Ball
2-1: Swinging Strike
2-2: Ground out 1-3 (Groundball, 15)
Batting: RHB Júlio Maldonado 0-0: Ball
1-0: SINGLE (Groundball, 34D)
Doug Reed to third
Batting: LHB Steve Ingram 0-0: Fly out, F7 (Flyball, 78S)
Batting: RHB Carlos Ortega 0-0: Ball
Pickoff Throw to First - Out!
Bottom of the 1st over - 0 run(s), 2 hit(s), 0 error(s), 0 left on base; Richardson City 0 - New Amsterdam 0
TOP OF THE 2ND
Richardson City Thundercats batting - Pitching for New Amsterdam Republics : RHP Pedro Castro
Batting: LHB Terrence Eler 0-0: Ball
1-0: Foul Ball, location: 2F
1-1: Foul Ball, location: 2F
1-2: Ball
2-2: SINGLE (Groundball, 5D)
Batting: RHB Joey Jones 0-0: Ball
1-0: Fielders Choice at 2nd, 4-6 (Groundball, 34)
Batting: RHB Will Thomas 0-0: Ball
1-0: Ball
2-0: Called Strike
2-1: Ball
3-1: Base on Balls
Joey Jones to second
Batting: LHB Jerry Wilson 0-0: Ball
1-0: Called Strike
1-1: Ball
2-1: Ball
3-1: Fielders Choice at 2nd, 4-6 (Groundball, 4)
Joey Jones to third
Batting: SHB Josef van der Poel 0-0: Ball
1-0: Called Strike
1-1: Ball
2-1: Swinging Strike
2-2: Foul Ball, location: 2F
2-2: Strikes out looking
Top of the 2nd over - 0 run(s), 1 hit(s), 0 error(s), 2 left on base; Richardson City 0 - New Amsterdam 0
BOTTOM OF THE 2ND
New Amsterdam Republics batting - Pitching for Richardson City Thundercats : RHP Josef van der Poel
Batting: RHB Carlos Ortega 0-0: Foul Ball, location: 2F
0-1: Ball
1-1: Called Strike
1-2: Foul Ball, location: 2F
1-2: SINGLE (Groundball, 6M)
Batting: RHB Hank Wilder 0-0: Foul Ball, location: 2F
0-1: Ball
1-1: Grounds into double play, 5-4-3 (Groundball, 56)
Batting: RHB Tim Robinson 0-0: SOLO HOME RUN (Flyball, 7D), Distance : 395 ft
Batting: RHB Roy Clay 0-0: Called Strike
0-1: Ball
1-1: Ground out 6-3 (Groundball, 6)
Bottom of the 2nd over - 1 run(s), 2 hit(s), 0 error(s), 0 left on base; Richardson City 0 - New Amsterdam 1
TOP OF THE 3RD
Richardson City Thundercats batting - Pitching for New Amsterdam Republics : RHP Pedro Castro
Batting: RHB Ron Ward 0-0: Ball
1-0: Ball
2-0: Swinging Strike
2-1: Ground out 5-3 (Groundball, 5S)
Batting: SHB Leonard O'Connor 0-0: Foul Ball, location: 2F
0-1: Ball
1-1: Ball
2-1: Ball
3-1: Foul Ball, location: 2F
3-2: Foul Ball, location: 2F
3-2: Foul Ball, location: 2F
3-2: Ground out U3 (Groundball, 3S)
Batting: SHB Eugene Parrish 0-0: Foul Ball, location: 2F
0-1: Ball
1-1: Ball
2-1: Foul Ball, location: 2F
2-2: Fly out, F7 (Flyball, 7LM)
Top of the 3rd over - 0 run(s), 0 hit(s), 0 error(s), 0 left on base; Richardson City 0 - New Amsterdam 1
BOTTOM OF THE 3RD
New Amsterdam Republics batting - Pitching for Richardson City Thundercats : RHP Josef van der Poel
Batting: RHB Pedro Castro 0-0: Called Strike
0-1: Foul Ball, location: 2F
0-2: Ball
1-2: Foul Ball, location: 2F
1-2: Ball
2-2: Ball
3-2: Fly out, F5 (Popup, 2L)
Batting: RHB Doug Reed 0-0: Ground out 6-3 (Groundball, 6M)
Batting: RHB Takeru Sanu 0-0: Ground out 5-3 (Groundball, 5)
Bottom of the 3rd over - 0 run(s), 0 hit(s), 0 error(s), 0 left on base; Richardson City 0 - New Amsterdam 1
TOP OF THE 4TH
Richardson City Thundercats batting - Pitching for New Amsterdam Republics : RHP Pedro Castro
Batting: RHB Ray Porch 0-0: Fly out, F6 (Popup, 6MD)
Batting: LHB Terrence Eler 0-0: Ball
1-0: Ground out 6-3 (Groundball, 6M)
Batting: RHB Joey Jones 0-0: Called Strike
0-1: Ground out 4-3 (Groundball, 4)
Top of the 4th over - 0 run(s), 0 hit(s), 0 error(s), 0 left on base; Richardson City 0 - New Amsterdam 1
BOTTOM OF THE 4TH
New Amsterdam Republics batting - Pitching for Richardson City Thundercats : RHP Josef van der Poel
Batting: RHB Júlio Maldonado 0-0: Foul Ball, location: 2F
0-1: Fly out, F7 (Flyball, 7LM)
Batting: LHB Steve Ingram 0-0: Ball
1-0: Called Strike
1-1: Ground out 4-3 (Groundball, 4)
Batting: RHB Carlos Ortega 0-0: Ball
1-0: Swinging Strike
1-1: Ground out 4-3 (Groundball, 4M)
Bottom of the 4th over - 0 run(s), 0 hit(s), 0 error(s), 0 left on base; Richardson City 0 - New Amsterdam 1
TOP OF THE 5TH
Richardson City Thundercats batting - Pitching for New Amsterdam Republics : RHP Pedro Castro
Batting: RHB Will Thomas 0-0: Foul Ball, location: 2F
0-1: Ball
1-1: Swinging Strike
1-2: Fly out, F2 (Popup, 2RF)
Batting: LHB Jerry Wilson 0-0: Ball
1-0: Ball
2-0: SINGLE (Groundball, 56)
Batting: SHB Josef van der Poel 0-0: Sac Bunt - play at first, batter OUT! 1-4
Jerry Wilson to second
Batting: RHB Ron Ward 0-0: Called Strike
0-1: Ground out 6-3 (Groundball, 6M)
Top of the 5th over - 0 run(s), 1 hit(s), 0 error(s), 1 left on base; Richardson City 0 - New Amsterdam 1
BOTTOM OF THE 5TH
New Amsterdam Republics batting - Pitching for Richardson City Thundercats : RHP Josef van der Poel
Batting: RHB Hank Wilder 0-0: Called Strike
0-1: Ground out 4-3 (Groundball, 13)
Batting: RHB Tim Robinson 0-0: Ball
1-0: Fly out, F7 (Popup, 6MD)
Batting: RHB Roy Clay 0-0: Ball
1-0: Foul Ball, location: 2F
1-1: SINGLE (Line Drive, 8LS)
Batting: RHB Pedro Castro 0-0: Ball
1-0: Foul Ball, location: 2F
1-1: Foul Ball, location: 2F
1-2: SINGLE (Groundball, 4D)
Roy Clay to second
Runner from 2nd tries for 3rd, SAFE, throw made to third
Batting: RHB Doug Reed 0-0: Foul Ball, location: 2F
0-1: Foul Ball, location: 2F
0-2: Foul Ball, location: 2F
0-2: Ball
1-2: SINGLE (Flyball, 78S)
Roy Clay scores
Pedro Castro to second
Batting: RHB Takeru Sanu 0-0: Fielders Choice at 2nd, 6-4 (Groundball, 6)
Bottom of the 5th over - 1 run(s), 3 hit(s), 0 error(s), 1 left on base; Richardson City 0 - New Amsterdam 2
TOP OF THE 6TH
Richardson City Thundercats batting - Pitching for New Amsterdam Republics : RHP Pedro Castro
Batting: SHB Leonard O'Connor 0-0: Ball
1-0: Called Strike
1-1: SINGLE (Popup, 8LS)
Batting: SHB Eugene Parrish 0-0: Ball
1-0: Reached on error, E6 (Groundball, 6)
Leonard O'Connor to second
Batting: RHB Ray Porch 0-0: Foul Ball, location: 2F
0-1: Swinging Strike
0-2: Hit by Pitch
Leonard O'Connor to third
Eugene Parrish to second
Batting: LHB Terrence Eler 0-0: Fly out, F7 (Flyball, 7M)
Runner from 3rd tags up, SCORES, throw made
Batting: RHB Joey Jones 0-0: Foul Ball, location: 2F
0-1: Ball
1-1: Fielders Choice at 2nd, 6-4 (Groundball, 6M)
Eugene Parrish to third
Batting: RHB Will Thomas 0-0: Foul Ball, location: 2F
0-1: Swinging Strike
0-2: Strikes out looking
Top of the 6th over - 1 run(s), 1 hit(s), 1 error(s), 2 left on base; Richardson City 1 - New Amsterdam 2
BOTTOM OF THE 6TH
New Amsterdam Republics batting - Pitching for Richardson City Thundercats : RHP Josef van der Poel
Batting: RHB Júlio Maldonado 0-0: Ground out 5-3 (Groundball, 5S)
Batting: LHB Steve Ingram 0-0: Called Strike
0-1: Ball
1-1: Ball
2-1: Ball
3-1: Swinging Strike
3-2: Strikes out swinging
Batting: RHB Carlos Ortega 0-0: Ball
1-0: Ball
2-0: Foul Ball, location: 2F
2-1: Foul Ball, location: 2F
2-2: Fly out, F9 (Flyball, 9M)
Bottom of the 6th over - 0 run(s), 0 hit(s), 0 error(s), 0 left on base; Richardson City 1 - New Amsterdam 2
TOP OF THE 7TH
Richardson City Thundercats batting - Pitching for New Amsterdam Republics : RHP Pedro Castro
Batting: LHB Jerry Wilson 0-0: Ball
1-0: SINGLE (Line Drive, 8RS)
Batting: SHB Josef van der Poel 0-0: Ball
1-0: Bunt missed!
1-1: Bunted foul
1-2: Bunt missed, Strikeout!
Pinch Hitting: RHB Yong-oon Yi 0-0: Foul Ball, location: 2F
0-1: Grounds into double play, 6-4-3 (Groundball, 6)
Top of the 7th over - 0 run(s), 1 hit(s), 0 error(s), 0 left on base; Richardson City 1 - New Amsterdam 2
BOTTOM OF THE 7TH
New Amsterdam Republics batting - Pitching for Richardson City Thundercats : RHP Josef van der Poel
Now at 3B: Spencer Curry
Batting: RHB Hank Wilder 0-0: Ball
1-0: Called Strike
1-1: Foul Ball, location: 2F
1-2: Foul Ball, location: 2F
1-2: Ball
2-2: Ball
3-2: Fly out, F7 (Flyball, 7D)
Batting: RHB Tim Robinson 0-0: Called Strike
0-1: Ball
1-1: Ball
2-1: Called Strike
2-2: Ball
3-2: Ground out 1-3 (Groundball, 25)
Batting: RHB Roy Clay 0-0: Ball
1-0: Called Strike
1-1: Swinging Strike
1-2: Ball
2-2: Ball
3-2: Base on Balls
Batting: RHB Pedro Castro 0-0: Foul Ball, location: 2F
0-1: Called Strike
0-2: Ball
1-2: Strikes out looking
Bottom of the 7th over - 0 run(s), 0 hit(s), 0 error(s), 1 left on base; Richardson City 1 - New Amsterdam 2
TOP OF THE 8TH
Richardson City Thundercats batting - Pitching for New Amsterdam Republics : RHP Pedro Castro
Batting: SHB Leonard O'Connor 0-0: Called Strike
0-1: Fly out, F3 (Line Drive, 34)
Batting: SHB Eugene Parrish 0-0: Foul Ball, location: 2F
0-1: Ball
1-1: Foul Ball, location: 2F
1-2: Strikes out looking
Batting: RHB Ray Porch 0-0: Called Strike
0-1: Ball
1-1: Called Strike
1-2: Foul Ball, location: 2F
1-2: Strikes out swinging
Top of the 8th over - 0 run(s), 0 hit(s), 0 error(s), 0 left on base; Richardson City 1 - New Amsterdam 2
BOTTOM OF THE 8TH
New Amsterdam Republics batting - Pitching for Richardson City Thundercats : RHP Josef van der Poel
Batting: RHB Doug Reed 0-0: Ball
1-0: Foul Ball, location: 2F
1-1: Ball
2-1: Foul Ball, location: 2F
2-2: Ball
3-2: Base on Balls
Pitching: RHP Stanley Neal
Batting: RHB Takeru Sanu 0-0: Ball
1-0: Sac Bunt - play at first, batter OUT! 1-4
Doug Reed to second
Batting: RHB Júlio Maldonado 0-0: Called Strike
0-1: Ball
1-1: Ball
2-1: Fly out, F3 (Flyball, 9S)
Batting: LHB Steve Ingram 0-0: Ball
1-0: TRIPLE (Flyball, 8RXD)
Doug Reed scores
Batting: RHB Carlos Ortega 0-0: Ball
1-0: Ball
2-0: Ball
3-0: Called Strike
3-1: Foul Ball, location: 2F
3-2: Base on Balls
Batting: RHB Hank Wilder 0-0: Called Strike
0-1: Swinging Strike
0-2: Foul Ball, location: 2F
0-2: Foul Ball, location: 2F
0-2: Foul Ball, location: 2F
0-2: Ball
1-2: Reached on error, E5 (Groundball, 5S)
Steve Ingram scores
Carlos Ortega to second
Batting: RHB Tim Robinson 0-0: Foul Ball, location: 2F
0-1: Foul Ball, location: 2F
0-2: Ball
1-2: Strikes out looking
Bottom of the 8th over - 2 run(s), 1 hit(s), 1 error(s), 2 left on base; Richardson City 1 - New Amsterdam 4
TOP OF THE 9TH
Richardson City Thundercats batting - Pitching for New Amsterdam Republics : RHP Pedro Castro
Batting: LHB Terrence Eler 0-0: Ground out 6-3 (Groundball, 6)
Batting: RHB Joey Jones 0-0: Ball
1-0: Called Strike
1-1: Ball
2-1: Called Strike
2-2: Ball
3-2: Strikes out swinging
Batting: RHB Will Thomas 0-0: Called Strike
0-1: Called Strike
0-2: Strikes out swinging
Top of the 9th over - 0 run(s), 0 hit(s), 0 error(s), 0 left on base; Richardson City 1 - New Amsterdam 4
This league is powered by Out of the Park Baseball, the baseball management simulation game for PC, Mac and Linux
Friday, October 23rd, 2015 - OOTP Baseball 16.9 Build 39